 Dungeon Crawl Stone Soup version 0.18.1-5-g4a78601 (webtiles) character file.

94 LORDOFBUTT the Ruffian (level 4, 0/31 HPs)
             Began as a Demonspawn Berserker on May 10, 2016.
             Was a Believer of Trog.
             Succumbed to a kobold's poison
             ... on level 3 of the Dungeon.
             The game lasted 00:02:04 (1813 turns).

LORDOFBUTT the Ruffian (Demonspawn Berserker)       Turns: 1813, Time: 00:02:04

Health: 0/31       AC:  7    Str: 17    XL:     4   Next: 38%
Magic:  4/4        EV: 18    Int: 13    God:    Trog [**....]
Gold:   84         SH:  0    Dex: 21    Spells: 0 memorised, 3 levels left

rFire  + . .     SeeInvis .       - Unarmed
rCold  . . .     Gourm    .     n - +0 leather armour
rNeg   . . .     Faith    .     (no shield)
rPois  .         Spirit   +     (no helmet)
rElec  .         Dismiss  .     (no cloak)
rCorr  .         Reflect  .     (no gloves)
SustAt .         Harm     .     (no boots)
MR     ++...                    (no amulet)
Stlth  +++.......               (no ring)
                                m - ring of protection from fire

@: brilliant, agile, lethally poisoned (0 -> 0), flying, very slightly
contaminated, regenerating, hasted, very quick, very resistant to hostile
enchantments, fairly stealthy
A: iridescent scales 1, agile 1, frail 1, regeneration 1, spiny 1, magic shield
a: Berserk, Trog's Hand, Burn Spellbooks, Renounce Religion


You were on level 3 of the Dungeon.
You worshipped Trog.
Trog was pleased with you.
You were near starving.

You visited 1 branch of the dungeon, and saw 3 of its levels.

You collected 84 gold pieces.

Inventory:

Armour
 n - a +0 leather armour (worn)
Jewellery
 m - a ring of protection from fire (left hand)
Wands
 f - a wand of iceblast (4/15)
 k - a wand of teleportation (3/9)
Scrolls
 a - 2 scrolls of random uselessness {unknown}
 g - 3 scrolls of remove curse
 i - 2 scrolls of identify {unknown}
 o - 2 scrolls of fog {unknown}
 p - a scroll of enchant weapon {unknown}
 q - a scroll of teleportation {unknown}
Potions
 h - a potion of haste
 j - a potion of agility
Comestibles
 b - 2 bread rations
 d - 2 meat rations
 s - 2 fruits


   Skills:
 - Level 3.0 Fighting
 - Level 1.7 Armour
 * Level 2.5 Dodging
 + Level 0.2 Stealth
 * Level 4.3 Unarmed Combat


You had 3 spell levels left.
You didn't know any spells.

Dungeon Overview and Level Annotations

Branches:
Dungeon (3/15)

Altars:

Annotations:
D:3 RighteousDevil's ghost, amateur DrWr


Innate Abilities, Weirdness & Mutations

You are partially covered in iridescent scales (AC +4).
You are partially covered in sharp spines.
When hurt, damage is shared between your health and your magic reserves.
You are agile. (Dex +2)
You are frail (-10% HP).
Your natural rate of healing is unusually fast.


Message History

You feel resistant to hostile enchantments.
You are near starving!
* * * LOW HITPOINT WARNING * * *
You feel sick.
* * * LOW HITPOINT WARNING * * *
You feel sick.
There is a lethal amount of poison in your body!
Read which item? (? for menu, Esc to quit)
Okay, then.
Drink which item? (? for menu, Esc to quit)
Okay, then.
* * * LOW HITPOINT WARNING * * *
You feel sick.
* * * LOW HITPOINT WARNING * * *
You feel sick.
* * * LOW HITPOINT WARNING * * *
You feel sick.
* * * LOW HITPOINT WARNING * * *
You feel sick.
You die...

#############
#######.....#.....## ##.
#....................##... ##
........................# #.
..................>...##### #.##
............................ #.#.
......................#####.##.#.
......................# #.......)
.........)......@....## #......<.
..............#....[.####........
..........######.###....#........
#.........# #.###(...#........
####)....## #..###...#........
##....# ##.###............
###..##### #..#.............
#......# ##...............
#......# #...##...........


There were no monsters in sight!

Vanquished Creatures
  4 adders
  An ooze (D:2)
  2 worms
  A dart slug (D:2)
  4 giant geckos
  A ball python (D:2)
  3 goblins
  6 hobgoblins
  4 jackals (D:1)
  5 kobolds
  5 bats
  3 giant newts
  2 rats (D:2)
41 creatures vanquished.

Notes
Turn   | Place    | Note
--------------------------------------------------------------
     0 | D:1      | LORDOFBUTT the Demonspawn Berserker began the quest for the Orb.
     0 | D:1      | Reached XP level 1. HP: 18/18 MP: 1/1
   220 | D:1      | Reached skill level 3 in Unarmed Combat
   252 | D:1      | Gained mutation: You are partially covered in sharp spines. [demonic ancestry]
   252 | D:1      | Reached XP level 2. HP: 2/24 MP: 2/2
  1009 | D:2      | Reached ** piety under Trog
  1058 | D:2      | Gained mutation: You are partially covered in iridescent scales (AC +4). [demonic ancestry]
  1058 | D:2      | Reached XP level 3. HP: 24/29 MP: 3/3
  1509 | D:2      | Gained mutation: When hurt, damage is shared between your health and your magic reserves. [demonic ancestry]
  1509 | D:2      | Reached XP level 4. HP: 33/35 MP: 4/4
  1607 | D:2      | Reached skill level 4 in Unarmed Combat
  1791 | D:3      | Noticed RighteousDevil's ghost (amateur DrWr)
  1794 | D:3      | Gained mutation: Your natural rate of healing is unusually fast. [potion of mutation]
  1794 | D:3      | Gained mutation: You are frail (-10% HP). [potion of mutation]
  1794 | D:3      | Gained mutation: You are agile. (Dex +2) [potion of mutation]
  1806 | D:3      | HP: 1/31 [poisoned by a kobold]
  1811 | D:3      | HP: 1/31 [poisoned by a kobold]
  1813 | D:3      | Succumbed to a kobold's poison

Skill      XL: |  1  2  3  4 |
---------------+-------------+-----
Dodging        | 2 |  2.5
Unarmed Combat | 3 4 |  4.3
Fighting       | |  3.0
Armour         | |  1.7
Stealth        | |  0.2

Action                   |  1- 3 |  4- 6 || total
-------------------------+-------+-------++-------
Melee: Unarmed           |    82 |    21 ||   103
       Punch             |       |     1 ||     1
Invok: Trog's Hand       |       |     2 ||     2
  Use: Scroll            |     1 |       ||     1
       Potion            |       |     6 ||     6
 Stab: Sleeping          |     2 |       ||     2
  Eat: Pizza             |     1 |       ||     1
Armor: Animal skin       |    10 |       ||    10
       Leather armour    |     4 |     3 ||     7
Dodge: Dodged            |    31 |     9 ||    40
